Construct Section Command Post
Selects Air and Sea Battlegroup
Construct Platoon Command Post
Selects Commando Section Paradrop
Unlock Bishop Self-propelled Artillery
Bishop Self-propelled Artillery
Commando Section Paradrop
Bishop Self-propelled Artillery
6-pounder Anti-tank Gun Team
6-pounder Anti-tank Gun Team
Selects M1 Pack Howitzer Paradrop
6-pounder Anti-tank Gun Team
Selects Incendiary Bombing Run
Bishop Self-propelled Artillery